 Dungeon Crawl Stone Soup version 0.22-a0-417-g1387785 (webtiles) character file.

1182 Mgcat the Skirmisher (level 8, -1/67 HPs)
             Began as a Demonspawn Fighter on May 14, 2018.
             Was a Follower of Okawaru.
             Slain by an orc warrior
             ... wielding a +4 flail
              (13 damage)
             ... on level 6 of the Dungeon.
             The game lasted 00:11:54 (5038 turns).

Mgcat the Skirmisher (Demonspawn Fighter)           Turns: 5038, Time: 00:11:54

Health: -1/67      AC: 12    Str: 19    XL:     8   Next: 19%
Magic:  0/8        EV:  8    Int: 15    God:    Okawaru [*.....]
Gold:   321        SH: 11    Dex: 13    Spells: 7/7 levels left

rFire    . . .     SeeInvis .   a - +0 war axe
rCold    . . .     Gourm    .   c - +0 shield
rNeg     . . .     Faith    .   u - +0 chain mail
rPois    .         Spirit   +   l - +0 helmet
rElec    .         Reflect  .   t - scarf {cloud immunity}
rCorr    .         Harm     .   (no gloves)
MR       .....                  (no boots)
Stlth    +.........             (no amulet)
HPRegen  0.21/turn              o - +6 ring of intelligence
MPRegen  0.22/turn              x - ring of stealth {Stlth+}

@: heroism
A: claws 1, powered by death 1, magic shield, magic regeneration
a: Heroism, Renounce Religion


You were on level 6 of the Dungeon.
You worshipped Okawaru.
Okawaru was aware of your devotion.
You were not hungry.

You visited 1 branch of the dungeon, and saw 6 of its levels.

You collected 321 gold pieces.

Inventory:

Hand Weapons
 a - a +0 war axe (weapon)
 w - a +1 flail of venom
   (You took it off an orc on level 4 of the Dungeon)
Missiles
 b - 4 javelins of penetration
 r - 2 steel tomahawks (quivered)
Armour
 c - a +0 shield (worn)
 l - a +0 helmet (worn)
   (You found it on level 1 of the Dungeon)
 t - a scarf of cloud immunity (worn)
   (You found it on level 4 of the Dungeon)
 u - a +0 chain mail (worn)
   (You took it off an orc on level 4 of the Dungeon)
 C - a +0 plate armour
   (You found it on level 5 of the Dungeon)
Jewellery
 o - a +6 ring of intelligence (left claw)
   (You found it on level 3 of the Dungeon)
 x - a ring of stealth (right claw) {Stlth+}
   (You found it on level 5 of the Dungeon)
Scrolls
 e - 7 scrolls of identify {unknown}
 h - 2 scrolls of magic mapping {unknown}
 j - 3 scrolls of fear {unknown}
 n - 2 scrolls of teleportation {unknown}
 p - 3 scrolls of immolation {unknown}
 s - a scroll of amnesia {unknown}
 y - 2 scrolls of enchant weapon {unknown}
Potions
 d - a potion of might
 g - a potion of mutation {unknown}
 i - 3 potions of degeneration {unknown}
 k - 2 potions of magic {unknown}
 m - a potion of heal wounds
 v - a potion of experience {unknown}
 z - 2 potions of flight {unknown}
 A - a potion of curing {unknown}
 B - a potion of ambrosia {unknown}
Comestibles
 f - 14 rations


   Skills:
 + Level 7.5(12.5) Fighting
 + Level 6.5(11.5) Axes
 - Level 2.6(7.6) Armour
 - Level 2.6(7.6) Shields


You had 7 spell levels left.
You didn't know any spells.
Your spell library was empty.

Dungeon Overview and Level Annotations

Branches:
Dungeon (6/15)             Temple (0/1) D:5

Altars:
Cheibriados
Dithmenos
Gozag
Okawaru
Qazlal
Vehumet
Wu Jian
The Shining One


Innate Abilities, Weirdness & Mutations

You have sharp fingernails.
You regenerate a little health from kills.
When hurt, damage is shared between your health and your magic reserves.
You regenerate magic rapidly.


Message History

x - 4 chunks of flesh {@w0} (gained 2)
Found an escape hatch in the floor.
Found a stone staircase leading up.
Key pressed, stopping explore.
No target in view!
Some of the chunks of flesh in your inventory have rotted away.
Found four altars.
There is a large open door here.
Found a shadowy altar of Dithmenos and an opulent altar of Gozag.
y - 2 scrolls labeled FATWAU GURPH (gained 1) Eating one of 2 chunks of flesh {@w0}.
You eat one of the 2 chunks of flesh {@w0}.
This raw flesh tastes terrible.
There is a large open door here.
Found a stone staircase leading down.
You see here 18 arrows.
All of the chunks of flesh in your inventory have rotted away.
There is an escape hatch in the ceiling here.
You open the door.
There is an open door here.
A leopard gecko skeleton comes into view.
A leopard gecko skeleton is nearby!
The leopard gecko skeleton bites you but does no damage.
Your shield and chain mail prevent you from hitting the leopard gecko skeleton.
You block the leopard gecko skeleton's attack.
You slash the leopard gecko skeleton!
You destroy the leopard gecko skeleton!
Okawaru accepts your kill.
No target in view!
No target in view!
No target in view!
There is an open door here.
x - a scratched brass ring
Found a stone staircase leading down.
k - 2 fuming inky potions (gained 1)
You see here a trident.
Things that are here:
a flail; a dagger Done exploring.
Put on which piece of jewellery? (? for menu, Esc to quit)
x - a ring of stealth (right claw) Drop what? 29/52 slots (_ for help) (? for menu, Esc to quit)
You remove your amulet of guardian spirit {Spirit}.
You drop an uncursed amulet of guardian spirit {Spirit}.
Done exploring.
Done exploring.
Done exploring.
Done exploring.
(D) Dungeon (T) Temple
Where to? (Enter - D:5, ? - help)
What level of the Dungeon? (default 1, ? - help)
Things that are here:
a flail; a dagger You see here a trident.
There is a stone staircase leading down here.
You climb downwards.
There is a stone staircase leading up here. 2 orcs and an orc warrior come into view.
The orc warrior shouts!
The orc shouts!
You slash the orc!
You kill the orc!
Okawaru accepts your kill.
You closely miss the orc warrior.
Your shield and chain mail prevent you from hitting the orc warrior.
You closely miss the orc. The orc warrior barely misses you.
The orc hits you but does no damage.
You hit the orc warrior.
The orc warrior is lightly wounded.
You hit the orc. The orc barely misses you. You block the orc warrior's attack.
The orc hits you but does no damage.
You hit the orc.
You kill the orc!
Okawaru accepts your kill.
Your chain mail prevents you from hitting the orc warrior.
The orc warrior hits you with an enchanted flail.
You closely miss the orc warrior.
The orc warrior hits you with an enchanted flail!
You are too injured to fight recklessly!
You are too injured to fight recklessly!
You are too injured to fight recklessly!
You are too injured to fight recklessly!
You are too injured to fight recklessly!
Your shield and chain mail prevent you from hitting the orc warrior.
The orc warrior hits you with an enchanted flail.
You hit the orc warrior but do no damage.
The orc warrior hits you with an enchanted flail!!
You closely miss the orc warrior.
The orc warrior hits you with an enchanted flail!!
* * * LOW HITPOINT WARNING * * *
You slash the orc warrior!
The orc warrior is moderately wounded.
You block the orc warrior's attack.
You feel much better.
The orc warrior hits you with an enchanted flail!
You gain the combat prowess of a mighty hero.
The orc warrior hits you with an enchanted flail!
* * * LOW HITPOINT WARNING * * *
You barely miss the orc warrior.
The orc warrior is moderately wounded.
The orc warrior hits you with an enchanted flail!
You die...

#.# #.# .# #..#.#
.# #..#.# [#
#..#.# .#
#..#.##.#
#..#..#.#
#####..#.##.######
..........@o.....#
####.#<.##)####.#
........## .#
#####.### .# ...
.# #.# !. #. .# .
.# #


You could see an orc warrior.

Vanquished Creatures
  The ghost of Verendum the Gusty, an amateur DrAE (D:3)
  2 centaurs
  Blork the orc (D:5)
  A bullfrog (D:5)
  2 howler monkeys (D:5)
  A quasit (D:2)
  A hound (D:4)
  2 jellies (D:5)
  4 orc priests (D:4)
  Jessica (D:3)
  3 orc wizards
  An iguana (D:4)
  2 worker ants
  A worker ant zombie (D:5)
  Robin (D:4)
  2 howler monkey skeletons
  6 adders
  An ooze (D:2)
  An adder skeleton (D:5)
  6 worms
  4 dart slugs
  4 leopard geckos
  20 orcs
  2 ball pythons
  8 giant cockroaches
  18 goblins
  11 hobgoblins
  4 jackals (D:2)
  10 bats
  A frilled lizard (D:2)
  10 kobolds
  A leopard gecko skeleton (D:5)
  7 rats
140 creatures vanquished.

Notes
Turn   | Place    | Note
-------+----------+-------------------------------------------
     0 | D:1      | Mgcat the Demonspawn Fighter began the quest for the Orb.
     0 | D:1      | Reached XP level 1. HP: 18/18 MP: 1/1
    73 | D:1      | Reached skill level 2 in Axes
   121 | D:1      | Gained mutation: You regenerate a little health from kills. [demonic ancestry]
   121 | D:1      | Reached XP level 2. HP: 23/24 MP: 2/2
   203 | D:1      | Found a glowing golden altar of the Shining One.
   399 | D:1      | Gained mutation: You have sharp fingernails. [demonic ancestry]
   399 | D:1      | Reached XP level 3. HP: 29/29 MP: 3/3
   999 | D:2      | Reached skill level 4 in Fighting
   999 | D:2      | Reached skill level 3 in Axes
   999 | D:2      | Reached XP level 4. HP: 20/37 MP: 4/4
  1865 | D:3      | Reached XP level 5. HP: 31/43 MP: 5/5
  2056 | D:3      | Found an iron altar of Okawaru.
  2065 | D:3      | Noticed Verendum's ghost (amateur DrAE)
  2085 | D:3      | HP: 7/43 [Verendum's ghost/zap (10)]
  2086 | D:3      | Killed Verendum's ghost
  2086 | D:3      | Reached skill level 5 in Fighting
  2086 | D:3      | Reached skill level 4 in Axes
  2086 | D:3      | Gained mutation: When hurt, damage is shared between your health and your magic reserves. [demonic ancestry]
  2086 | D:3      | Reached XP level 6. HP: 8/51 MP: 6/6
  2333 | D:3      | Became a worshipper of Warmaster Okawaru
  2768 | D:3      | Noticed Jessica
  2773 | D:3      | Killed Jessica
  3186 | D:4      | HP: 13/52 [orc/short sword (2)]
  3198 | D:4      | HP: 11/52 [orc/trident (6)]
  3353 | D:4      | Reached skill level 6 in Fighting
  3353 | D:4      | Reached skill level 5 in Axes
  3354 | D:4      | Gained mutation: You regenerate magic rapidly. [demonic ancestry]
  3354 | D:4      | Reached XP level 7. HP: 35/58 MP: 4/7
  3617 | D:4      | Noticed Robin
  3647 | D:4      | Killed Robin
  3958 | D:5      | Entered Level 5 of the Dungeon
  3978 | D:5      | HP: 13/59 [centaur (5)]
  3985 | D:5      | HP: 9/59 [centaur (1)]
  3989 | D:4      | HP: 4/59 [centaur (1)]
  3993 | D:4      | Reached * piety under Okawaru
  4199 | D:5      | Found a staircase to the Ecumenical Temple.
  4217 | D:5      | Reached skill level 7 in Fighting
  4217 | D:5      | Reached skill level 6 in Axes
  4299 | D:5      | Reached XP level 8. HP: 55/67 MP: 8/8
  4426 | D:5      | Noticed Blork the orc
  4435 | D:5      | Killed Blork the orc
  4713 | D:5      | Found an ornate altar of the Wu Jian Council.
  4713 | D:5      | Found a stormy altar of Qazlal.
  4713 | D:5      | Found a radiant altar of Vehumet.
  4713 | D:5      | Found a snail-covered altar of Cheibriados.
  4722 | D:5      | Found a shadowy altar of Dithmenos.
  4722 | D:5      | Found an opulent altar of Gozag.
  5034 | D:6      | HP: 15/67 [orc warrior/enchanted flail (16)]
  5038 | D:6      | Slain by an orc warrior

Vault maps used:
D:1:      lightli_arrival_quake, grunt_decor_resistance, nrook_loot_triangle,
          minmay_hexomino_r4
D:3:      okawaru_metal_pillars_1_2, minmay_surrounded, uniq_jessica
D:4:      first_ration, uniq_robin
D:5:      minmay_overflow_temple_hex, temple_green, uniq_blork_the_orc
D:6:      lemuel_crystal_altar, nicolae_elemental_shop

Skill      XL: |  1  2  3  4  5  6  7 |
---------------+----------------------+-----
Axes           | 2 3 4 5 6 |  6.5
Fighting       | 4 5 6 7 |  7.5
Armour         | |  2.6
Shields        | |  2.6

Action                   |  1- 3 |  4- 6 |  7- 9 || total
-------------------------+-------+-------+-------++-------
Melee: War axe           |   148 |   226 |   175 ||   549
Invok: Heroism           |       |       |     2 ||     2
  Use: Potion            |       |     2 |     2 ||     4
  Eat: Chunk             |     1 |     8 |     5 ||    14
Armor: Scale mail        |   147 |    93 |     3 ||   243
       Chain mail        |       |       |    92 ||    92
Dodge: Dodged            |    72 |    65 |    35 ||   172
Block: Shield            |    91 |    98 |    89 ||   278

Table legend:
 A = Spawn XP
 B = Non-spawn XP
 C = Spawn XP percentage of total XP
 D = Spawn monster count
 E = Non-spawn monster count
 F = Spawn count percentage of total count
 G = Total turns spent on level
                    A         B        C        D         E        F      G
               +---------+---------+-------+---------+---------+-------+---------
         Total |       0 |    1689 |   0.0 |       0 |     140 |   0.0 |  5038
               +---------+---------+-------+---------+---------+-------+---------
           D:1 |       0 |      55 |   0.0 |       0 |      32 |   0.0 |   860
           D:2 |       0 |     139 |   0.0 |       0 |      26 |   0.0 |  1226
           D:3 |       0 |     256 |   0.0 |       0 |      19 |   0.0 |   952
           D:4 |       0 |     586 |   0.0 |       0 |      41 |   0.0 |  1092
           D:5 |       0 |     647 |   0.0 |       0 |      20 |   0.0 |   889
           D:6 |       0 |       6 |   0.0 |       0 |       2 |   0.0 |    19
               +---------+---------+-------+---------+---------+-------+---------

Vault maps used:
D:1:      lightli_arrival_quake, grunt_decor_resistance, nrook_loot_triangle,
          minmay_hexomino_r4
D:3:      okawaru_metal_pillars_1_2, minmay_surrounded, uniq_jessica
D:4:      first_ration, uniq_robin
D:5:      minmay_overflow_temple_hex, temple_green, uniq_blork_the_orc
D:6:      lemuel_crystal_altar, nicolae_elemental_shop

Table legend:
 A = Turns spent in this place as a percentage of turns spent in the entire game.
 B = Non-inter-level travel turns spent in this place as a percentage of non-inter-level travel turns spent in the entire game.
 C = Inter-level travel turns spent in this place as a percentage of turns spent in this place.
 D = Turns resting spent in this place as a percentage of non-inter-level travel turns spent in this place.
 E = Turns spent auto-exploring this place as a percentage of non-inter-level travel turns spent in this place.
 F = Non-inter-level travel turns spent in this place divided by the number of levels of this place that you've seen.
                   A       B       C       D       E      F
               +-------+-------+-------+-------+-------+----------------------
         Total | 100.0 | 100.0 |   2.7 |   4.2 |  75.5 | 816.8
       Dungeon | 100.0 | 100.0 |   2.7 |   4.2 |  75.5 | 816.8
               +-------+-------+-------+-------+-------+----------------------

Table legend:
 A = Kills in this place as a percentage of kills in entire the game.
 B = Kills by you in this place as a percentage of kills by you in the entire game.
 C = Kills by friends in this place as a percentage of kills by friends in the entire game.
 D = Other kills in this place as a percentage of other kills in the entire game.
 E = Experience gained in this place as a percentage of experience gained in the entire game.
 F = Experience gained in this place divided by the number of levels of this place that you have seen.
                   A       B       C       D       E      F
               +-------+-------+-------+-------+-------+----------------------
         Total | 100.0 | 100.0 |   N/A |   N/A | 100.0 | 281.5
       Dungeon | 100.0 | 100.0 |   N/A |   N/A | 100.0 | 281.5
               +-------+-------+-------+-------+-------+----------------------
